 Dungeon Crawl Stone Soup version 0.29.0-4-gdea44cf6ec (webtiles) character file.

Game seed: 1448562065360634723

23 qw the Chopper (level 2, -1/17 HPs)
             Began as a Tengu Warper on Aug 28, 2022.
             Succumbed to their own poison gas
             ... on level 1 of the Dungeon.
             The game lasted 00:00:05 (995 turns).

qw the Chopper (Tengu Warper)                        Turns: 995, Time: 00:00:05

Health: -1/17      AC:  7    Str: 11    XL:     2   Next: 95%
Magic:  6/6        EV: 10    Int: 13    God:
Gold:   16         SH:  0    Dex: 13    Spells: 5/5 levels left

rFire   . . .      SeeInvis .   Y - +0 hand axe
rCold   . . .      Faith    .   (no shield)
rNeg    . . .      Spirit   .   h - +0 ring mail
rPois   .          Reflect  .   l - +2 hat
rElec   .          Harm     .   (no cloak)
rCorr   .          Rampage  .   (no gloves)
Will    .....                   (boots unavailable)
Stlth   +.........              (no amulet)
HPRegen 0.05/turn               (no ring)
MPRegen 0.10/turn               (no ring)

@: lethally poisoned (-1 -> -10)
A: beak, talons 3
a: no special abilities


You were on level 1 of the Dungeon.
You visited 1 branch of the dungeon, and saw 1 of its levels.

You collected 16 gold pieces.


Innate Abilities, Weirdness & Mutations

You have a beak for a mouth.
You have claws for feet.


   Skills:
 - Level 2.0 Fighting
 + Level 3.7 Axes
 - Level 1.0 Throwing
 - Level 1.1 Armour
 - Level 2.1 Dodging
 - Level 2.0 Spellcasting
 - Level 2.4 Translocations


You had 5 spell levels left.
You didn't know any spells.
Your spell library contained the following spells:

 Spells                   Type           Power      Damage    Failure   Level
 Blink                    Tloc           14%        N/A       34%         2
 Gell's Gravitas          Tloc           7%         N/A       56%         3
 Lesser Beckoning         Tloc           7%         N/A       56%         3
 Teleport Other           Tloc           7%         N/A       56%         3
 Manifold Assault         Tloc           7%         N/A       99%         5

Inventory:

Hand Weapons
 m - a +0 whip
 Y - a +0 hand axe (weapon)
Missiles
 i - 3 boomerangs (quivered)
Armour
 h - a +0 ring mail (worn)
 l - a +2 hat (worn)
Potions
 g - a potion of magic {unknown}
 j - a potion of invisibility {unknown}
 k - a potion of haste {unknown}

Dungeon Overview and Level Annotations

Branches:
Dungeon (1/15)

Altars:


Message History

985 ||| DRINKING 2 viscous brown potions.
It was a potion of curing.
You feel better.
Done exploring.
986 ||| DROPPING scroll of blinking.
You drop a scroll of blinking.
Done exploring.
987 ||| DROPPING scroll of poison.
You drop a scroll of poison.
Done exploring.
988 ||| DROPPING scroll of amnesia.
You drop a scroll of amnesia.
Done exploring.
(D) Dungeon
Where to? (* - list waypoints, ? - help)
What level of the Dungeon? (default 1, ? - help) Sorry, I don't know how to get there.
Done exploring.
989 ||| Stepping randomly (stuck).
Really walk into that cloud of poison gas?
You are engulfed in poison gas.
You are poisoned.
You feel very sick.
990 ||| Stepping ~*~*~tactically~*~*~ (cloud).
You feel very sick.
Items here: ??? [.
991 ||| DRINKING potion of curing.
You feel better.
991 ||| (to cure poison) Done exploring.
(D) Dungeon
Where to? (* - list waypoints, Enter - D:2, ? - help)
What level of the Dungeon? (default 1, ? - help) Sorry, I don't know how to get there.
Done exploring.
992 ||| Stepping randomly (stuck).
Really walk into that cloud of poison gas?
You are engulfed in poison gas.
You are lethally poisoned!
You feel very sick.
993 ||| Stepping ~*~*~tactically~*~*~ (cloud).
You feel very sick.
There is a lethal amount of poison in your body!
You feel very sick.
There is a lethal amount of poison in your body!
You die...

####.##.#####.#.#.# #.#
.............)#.#.# #.#
####.##.#######.#.# #.#
.....#........0.#.# #.#
###..#########0.#0# #.# #
#..#########00#.# #.#
###.........¤0.0#0######.#
...........¤¤.000000....>#
...#########0..0@00.####.#
...# #.¤.¤.?0.# #.# ...###
#000¤...¤# #.# .....#
#0¤0.00..# #.# ...#.#
#¤.0.0¤00# #.# ...#.#
#...00.¤0# #.# ####.#
#0...¤.0¤# #.# ####.#
#0..0000¤# #.# ...#.#
########## #.#


There were no monsters in sight!

Vanquished Creatures
  A dart slug (D:1)
  5 endoplasms (D:1)
  A giant cockroach (D:1)
  A goblin (D:1)
  A hobgoblin (D:1)
  A quokka (D:1)
  A ball python (D:1)
  A bat (D:1)
  A frilled lizard (D:1)
  3 kobolds (D:1)
  3 rats (D:1)
19 creatures vanquished.

Notes
Turn   | Place    | Note
-------+----------+-------------------------------------------
     0 | D:1      | qw the Tengu Warper began the quest for the Orb.
     0 | D:1      | Reached XP level 1. HP: 12/12 MP: 4/4
     0 | D:1      | 0 ||| qw: Version: 0.1-a-89-g26bdef1
     0 | D:1      | 0 ||| qw: Game counter: 1800
     0 | D:1      | 0 ||| qw: Always use a shield: true
     0 | D:1      | 0 ||| qw: God list: Okawaru
     0 | D:1      | 0 ||| qw: Allow faded altars: false
     0 | D:1      | 0 ||| qw: Do Orc after D:15 true
     0 | D:1      | 0 ||| qw: Do second Lair branch before Depths: true
     0 | D:1      | 0 ||| qw: Lair rune preference: random
     0 | D:1      | 0 ||| qw: Plans: Normal
     0 | D:1      | 0 ||| PLANNING D:1-11
   212 | D:1      | Reached XP level 2. HP: 17/17 MP: 6/6
   234 | D:1      | Reached skill level 3 in Axes
   361 | D:1      | 361 ||| DROPPING +0 club.
   965 | D:1      | 965 ||| UPGRADING to +0 ring mail.
   975 | D:1      | 975 ||| DROPPING +0 leather armour.
   976 | D:1      | 976 ||| UPGRADING to +2 hat.
   981 | D:1      | 981 ||| READING scroll labelled KUEMEIM LOUCH.
   982 | D:1      | 982 ||| READING 2 scrolls labelled WAMOME KOGROR.
   983 | D:1      | 983 ||| READING 2 scrolls labelled JAKLIMIVON.
   984 | D:1      | 984 ||| READING scroll labelled RESOKK ODGHOLO.
   985 | D:1      | 985 ||| DRINKING 2 viscous brown potions.
   986 | D:1      | 986 ||| DROPPING scroll of blinking.
   987 | D:1      | 987 ||| DROPPING scroll of poison.
   988 | D:1      | 988 ||| DROPPING scroll of amnesia.
   989 | D:1      | 989 ||| Stepping randomly (stuck).
   990 | D:1      | 990 ||| Stepping ~*~*~tactically~*~*~ (cloud).
   991 | D:1      | 991 ||| DRINKING potion of curing.
   991 | D:1      | 991 ||| (to cure poison)
   992 | D:1      | 992 ||| Stepping randomly (stuck).
   993 | D:1      | 993 ||| Stepping ~*~*~tactically~*~*~ (cloud).
   993 | D:1      | HP: 4/17 [poisoned by you (poison gas)]
   994 | D:1      | HP: 1/17 [poisoned by you (poison gas)]
   995 | D:1      | Succumbed to their own poison gas

Levels and vault maps discovered:
D:1:      lightli_arrival_chessboard, layout_basic, chequers_serial_rivers_marsh

Skill      XL: |  1  2 |
---------------+-------+-----
Axes           | 3 |  3.7
Fighting       | |  2.0
Throwing       | |  1.0
Armour         | |  1.1
Dodging        | |  2.1
Spellcasting   | |  2.0
Translocations | |  2.4

Action                   || total
-------------------------++-------
Melee: Hand axe          ||    24
       Kick              ||     6
Throw: Boomerang         ||    29
  Use: Scroll            ||     4
       Potion            ||     2
Armor: Leather armour    ||     4
Dodge: Dodged            ||    13

Table legend:
 A = Non-vault XP
 B = Vault XP
 C = Vault XP percentage of total XP
 D = Non-vault monster count
 E = Vault monster count
 F = Vault count percentage of total count
                 A         B        C        D         E       F
            +---------+---------+-------+---------+---------+-------
      Total |      33 |       0 |   0.0 |      19 |       0 |   0.0
            +---------+---------+-------+---------+---------+-------
        D:1 |      33 |       0 |   0.0 |      19 |       0 |   0.0
            +---------+---------+-------+---------+---------+-------
